 Dungeon Crawl Stone Soup version 0.21.1-1-g345015f (webtiles) character file.

7 shakethe the Firebug (level 1, 0/13 HPs)
             Began as a Demonspawn Fire Elementalist on Feb 19, 2018.
             Killed from afar by a dart slug (2 damage)
             ... with a slug dart
             ... on level 1 of the Dungeon.
             The game lasted 00:00:36 (131 turns).

shakethe the Firebug (Demonspawn Fire Elementalist)  Turns: 131, Time: 00:00:37

Health: 0/13       AC:  2    Str:  8    XL:     1   Next: 91%
Magic:  1/3        EV: 12    Int: 16    God:
Gold:   22         SH:  0    Dex: 13    Spells: 3/4 levels left

rFire    . . .     SeeInvis .   (no weapon)
rCold    . . .     Gourm    .   (no shield)
rNeg     . . .     Faith    .   a - +0 robe
rPois    .         Spirit   .   (no helmet)
rElec    .         Reflect  .   (no cloak)
rCorr    .         Harm     .   (no gloves)
MR       .....                  (no boots)
Stlth    ++........             (no amulet)
HPRegen  0.04/turn              (no ring)
MPRegen  0.08/turn              (no ring)

@: no status effects
A: no striking features
a: no special abilities


You were on level 1 of the Dungeon.
You were not hungry.

You visited 1 branch of the dungeon, and saw 1 of its levels.

You collected 22 gold pieces.

Inventory:

Hand Weapons
 e - a +0 dagger
   (You found it on level 1 of the Dungeon)
Armour
 a - a +0 robe (worn)
Scrolls
 f - a scroll of fear {unknown}
Books
 b - a book of Flames
Comestibles
 c - 2 rations
 d - 4 chunks of flesh {@w0@w0}


   Skills:
 - Level 1.7 Dodging
 - Level 1.7 Stealth
 - Level 2.0 Spellcasting
 + Level 1.5 Conjurations
 + Level 3.0 Fire Magic


You had 3 spell levels left.
You knew the following spells:

 Your Spells              Type           Power        Failure   Level  Hunger
a - Flame Tongue          Conj/Fire      #....        9%          1    #......


Dungeon Overview and Level Annotations

Branches:
Dungeon (1/15)

Altars:


Message History

You start resting.
Okay, then.
MP restored: 3 You now have 22 gold pieces (gained 13).
A goblin comes into view. It is wielding a dagger.
A kobold comes into view.
The kobold shouts!
The goblin shouts!
You hear an angry hiss.
You can't see any susceptible monsters within range! (Use Z to cast anyway.) Unknown command.
Aim: a goblin, wielding a dagger The flame tongue misses the goblin.
You now have 2/3 mp.
Aim: a goblin, wielding a dagger The flame tongue hits the goblin.
You kill the goblin!
You now have 1/3 mp.
Aim: a kobold The flame tongue hits the kobold.
The kobold barely misses you.
You now have 0/3 mp.
Really attack barehanded? [Y]es or [N]o only, please.
Really attack barehanded? [Y]es or [N]o only, please.
Really attack barehanded? [Y]es or [N]o only, please.
Really attack barehanded? [Y]es or [N]o only, please.
Really attack barehanded? [Y]es or [N]o only, please.
Really attack barehanded? [Y]es or [N]o only, please.
Really attack barehanded? [Y]es or [N]o only, please.
Really attack barehanded? [Y]es or [N]o only, please.
Really attack barehanded? [Y]es or [N]o only, please.
Really attack barehanded? [Y]es or [N]o only, please.
Really attack barehanded? [Y]es or [N]o only, please.
Really attack barehanded? [Y]es or [N]o only, please.
Really attack barehanded? [Y]es or [N]o only, please.
Really attack barehanded? [Y]es or [N]o only, please.
Really attack barehanded? [Y]es or [N]o only, please.
Really attack barehanded? [Y]es or [N]o only, please.
Really attack barehanded? [Y]es or [N]o only, please.
Really attack barehanded? [Y]es or [N]o only, please.
Really attack barehanded? [Y]es or [N]o only, please.
Really attack barehanded? [Y]es or [N]o only, please.
Really attack barehanded? [Y]es or [N]o only, please.
Really attack barehanded? [Y]es or [N]o only, please.
Really attack barehanded? [Y]es or [N]o only, please.
Really attack barehanded?
You miss the kobold. The kobold hits you but does no damage.
You barely miss the kobold. The kobold hits you.
You take 2 damage, and have 11/13 hp.
You barely miss the kobold. The kobold hits you.
You take 2 damage, and have 9/13 hp.
You hit the kobold but do no damage. The kobold barely misses you.
You hit the kobold.
You kill the kobold!
Your Fire Magic skill increases to level 3!
A dart slug comes into view.
Things that are here:
a dagger; a goblin corpse The dart slug misses you.
You hit the dart slug. The dart slug closely misses you.
You hit the dart slug. You hit the dart slug but do no damage.
The dart slug bites you.
You hit the dart slug but do no damage. The dart slug barely misses you.
You hit the dart slug but do no damage.
A ball python comes into view.
You hit the dart slug. The dart slug bites you.
You take 2 damage, and have 7/13 hp.
You hit the dart slug but do no damage. The dart slug launches a dart at you.
The slug dart hits you!
* * * LOW HITPOINT WARNING * * *
You hit the dart slug. The dart slug bites you.
* * * LOW HITPOINT WARNING * * *
You hit the dart slug but do no damage. You hit the dart slug but do no damage.
The ball python bites you but does no damage.
The ball python closely misses you. The dart slug launches a dart at you.
The slug dart hits you!
You die...

.#'#.# #.# ### .#.#.#
#.# #.. .#.#.# #.# #.#
##.#.###.######.#
##.#.........##.#
.#.#.....###.##.#
##<##.######.##.#
##.##.##.....)..######.#
.#.##.##.###.#..@w......
##.##.##.###....S.####.#
.#.##.#......[.....#
.#(##.#..###.......#
.#+##........#...#.#
###..######.##.# #..#
..# .# #[... ### .#
#.####


You could see a dart slug and a ball python.

Vanquished Creatures
  A leopard gecko (D:1)
  A goblin (D:1)
  2 hobgoblins (D:1)
  A kobold (D:1)
5 creatures vanquished.

Notes
Turn   | Place    | Note
-------+----------+-------------------------------------------
     0 | D:1      | shakethe the Demonspawn Fire Elementalist began the quest for the Orb.
     0 | D:1      | Reached XP level 1. HP: 13/13 MP: 3/3
   116 | D:1      | Reached skill level 3 in Fire Magic
   128 | D:1      | HP: 3/13 [dart slug/slug dart (4)]
   131 | D:1      | Killed from afar by a dart slug

Skill      XL: |  1 |
---------------+----+-----
Fire Magic     | 3 |  3.0
Dodging        | |  1.7
Stealth        | |  1.7
Spellcasting   | |  2.0
Conjurations   | |  1.5

Action                   || total
-------------------------++-------
Melee: Unarmed           ||    15
 Cast: Flame Tongue      ||     6
Armor: Robe              ||     2
Dodge: Dodged            ||     6

Vault maps used:
D:1:      evilmike_arrival_run_for_it

Table legend:
 A = Turns spent in this place as a percentage of turns spent in the entire game.
 B = Non-inter-level travel turns spent in this place as a percentage of non-inter-level travel turns spent in the entire game.
 C = Inter-level travel turns spent in this place as a percentage of turns spent in this place.
 D = Turns resting spent in this place as a percentage of non-inter-level travel turns spent in this place.
 E = Turns spent auto-exploring this place as a percentage of non-inter-level travel turns spent in this place.
 F = Non-inter-level travel turns spent in this place divided by the number of levels of this place that you've seen.
                   A       B       C       D       E      F
               +-------+-------+-------+-------+-------+----------------------
         Total | 100.0 | 100.0 |   0.0 |  16.8 |  27.5 | 131.0
       Dungeon | 100.0 | 100.0 |   0.0 |  16.8 |  27.5 | 131.0
               +-------+-------+-------+-------+-------+----------------------

Table legend:
 A = Kills in this place as a percentage of kills in entire the game.
 B = Kills by you in this place as a percentage of kills by you in the entire game.
 C = Kills by friends in this place as a percentage of kills by friends in the entire game.
 D = Other kills in this place as a percentage of other kills in the entire game.
 E = Experience gained in this place as a percentage of experience gained in the entire game.
 F = Experience gained in this place divided by the number of levels of this place that you have seen.
                   A       B       C       D       E      F
               +-------+-------+-------+-------+-------+----------------------
         Total | 100.0 | 100.0 |   N/A |   N/A | 100.0 |  11.0
       Dungeon | 100.0 | 100.0 |   N/A |   N/A | 100.0 |  11.0
               +-------+-------+-------+-------+-------+----------------------
